 Dungeon Crawl Stone Soup version 0.29-a0-892-g2c4c91d9db (webtiles) character file.

Game seed: 17125930891383606503

1703 tilp the Merchant of Misery (level 8, -6/61 HPs)
             Began as a Mummy Necromancer on July 22, 2022.
             Was a Believer of Kikubaaqudgha.
             Killed from afar by a steam dragon (28 damage)
             ... with a ball of steam
             ... on level 6 of the Dungeon.
             The game lasted 00:13:25 (6356 turns).

tilp the Merchant of Misery (Mummy Necromancer)     Turns: 6356, Time: 00:13:25

Health: -6/61      AC:  9    Str: 11    XL:     8   Next: 73%
Magic:  2/15       EV: 12    Int: 17    God:    Kikubaaqudgha [**....]
Gold:   284        SH:  0    Dex: 12    Spells: 5/17 levels left

rFire   x . .      SeeInvis .   b - +2 dagger (venom)
rCold   + + .      Faith    .   (no shield)
rNeg    + + +      Spirit   .   j - +3 leather armour
rPois   ∞          Reflect  .   g - +0 helmet
rElec   .          Harm     .   (no cloak)
rCorr   .          Rampage  .   l - +0 pair of gloves
Will    +....                   d - +0 pair of boots
Stlth   ++........              p - amulet of the acrobat
HPRegen 0.20/turn               o - ring of protection from cold
MPRegen 0.14/turn               (no ring)

@: animating dead
A: cold resistance 1, negative energy resistance 3, torment resistance 2, heat
vulnerability 1, in touch with death 1, no potions
a: Renounce Religion, Unearth Wretches


You were on level 6 of the Dungeon.
You worshipped Kikubaaqudgha.
Kikubaaqudgha was pleased with you.
You visited 2 branches of the dungeon, and saw 7 of its levels.
You also visited: Sewer and Ossuary.

You collected 368 gold pieces.
You spent 84 gold pieces at shops.

Inventory:

Hand Weapons
 a - a +1 whip of electrocution
 b - a +2 dagger of venom (weapon)
 r - a +3 whip
 u - a +0 long sword
Missiles
 f - 71 stones
 i - 18 poisoned darts (quivered)
 k - 2 curare-tipped darts
 s - 3 boomerangs
Armour
 d - a +0 pair of boots (worn)
 e - a +0 robe
 g - a +0 helmet (worn)
 j - a +3 leather armour (worn)
 l - a +0 pair of gloves (worn)
Jewellery
 o - a ring of protection from cold (left hand)
 p - an amulet of the acrobat (around neck)
Wands
 n - a wand of paralysis (5)
 v - a wand of roots (6)
Scrolls
 c - a scroll of fear
 h - 3 scrolls of blinking
 m - 2 scrolls of immolation
 q - a scroll of poison
 t - a scroll of fog
 w - a scroll of vulnerability
 x - 2 scrolls of teleportation
 y - a scroll of identify


   Skills:
 * Level 4.5 Fighting
 + Level 3.2 Dodging
 - Level 2.0 Stealth
 + Level 5.3 Spellcasting
 * Level 1.5 Hexes
 * Level 8.2 Necromancy
 + Level 3.2 Evocations


You had 5 spell levels left.
You knew the following spells:

 Your Spells              Type           Power      Damage    Failure   Level
a - Necrotise             Necr           100%       1d9       1%          1
b - Vampiric Draining     Necr           49%        2d9       1%          3
c - Animate Dead          Necr           49%        N/A       6%          4
d - Anguish               Hex/Necr       15%        N/A       24%         4

Your spell library contained the following spells:

 Spells                   Type           Power      Damage    Failure   Level
 Agony                    Necr           49%        N/A       17%         5
 Ozocubu's Armour         Ice            4%         N/A       50%         3
 Olgreb's Toxic Radiance  Pois           4%         N/A       88%         4
 Metabolic Englaciation   Hex/Ice        3%         N/A       98%         5
 Summon Mana Viper        Hex/Summ       7%         N/A       98%         5
 Summon Forest            Summ/Tloc      2%         N/A       99%         5
 Simulacrum               Ice/Necr       13%        N/A       99%         6
 Summon Cactus Giant      Summ           2%         N/A       100%        6
 Ozocubu's Refrigeration  Ice            2%         4d5       100%        7
 Ignition                 Fire           2%         3d3       100%        8


Dungeon Overview and Level Annotations

Branches:
Dungeon (6/15)             Temple (1/1) D:4           Sewer (visited)
Ossuary (visited)

Altars:
Ashenzari
Cheibriados
Fedhas
Gozag
Kikubaaqudgha
Makhleb
Nemelex Xobeh
Okawaru
Qazlal
Ru
Sif Muna
Trog
Uskayaw
Vehumet
Wu Jian
Xom

Shops:
D:2 (*!

Annotations:
D:2 1 runed translucent door, Crazy Yiuf
D:3 2 transporters


Innate Abilities, Weirdness & Mutations

You are immune to poison.
Your flesh is cold resistant. (rC+)
You are immune to negative energy. (rN+++)
You are immune to unholy pain and torment.
You are vulnerable to heat. (rF-)
You are in touch with the powers of death.
You do not drink.


Message History

You feel a surge of power!
You draw life force from the steam dragon!
You feel life coursing into your body. The steam dragon breathes steam at you.
The ball of steam misses you.
The steam dragon completely misses you. x2
Unknown command.
Casting: Vampiric Draining (safe; 1% risk of failure)
Confirm with . or Enter, or press ? or * to list all spells.
Aiming: Vampiric Draining (safe; 1% risk of failure)
Press: ? - help, Shift-Dir - straight line, f/p - steam dragon
Aim: a steam dragon (moderately wounded, catching its breath)
You feel a surge of power!
You draw life force from the steam dragon!
You feel life coursing into your body.
The steam dragon bites you but does no damage.
The steam dragon claws you but does no damage.
Casting: Vampiric Draining (safe; 1% risk of failure)
Confirm with . or Enter, or press ? or * to list all spells.
You don't have enough magic to cast this spell.
Unknown command.
Unknown command.
You hit the steam dragon but do no damage.
The steam dragon is poisoned.
The steam dragon is severely wounded.
The rat barely misses you. The steam dragon barely misses you. x2
Unknown command.
Aiming: Fastroot
Press: ? - help, Shift-Dir - straight line, f/p - steam dragon
Aim: a steam dragon (severely wounded, very poisoned)
The roots erupt in riotous growth!
Roots grab the steam dragon.
Roots grab the rat.
The grasping roots constrict the rat!
You kill the rat!
Kikubaaqudgha accepts your kill.
The grasping roots constrict the steam dragon!
The steam dragon breathes steam at you. The ball of steam hits you!!
The steam scalds you terribly!
You die...
Kikubaaqudgha rasps: "You have failed me!
Welcome... oblivion!"

***** ******* #########
*,,,** *,,,,,****
#.......## ****,*
**,,,,,,.#** ##........#
**,
***,,,,/..###......†..# **
****,...!.#........## ****
***#.§........##.#*####,*,
###.#.D†.##.#.##.#.,*,*
#*##@###*.##..#.***,*
#...#*#.#...** *,* ###)#
##...,* ***,
#.###.#†#,***,,*
##.##.#†#*,*,,**
#.#.#..##,,***
##.####†#*** ### ##.#
##.##


You could see a steam dragon (very poisoned, catching breath, rooted).

Vanquished Creatures
  A sky beast (D:6)
  A black bear (D:5)
  2 ogres
  4 kobold brigands
  A bullfrog (D:6)
  5 scorpions
  A necrophage (D:4)
  5 hounds
  2 centaur zombies (Ossuary)
  A jelly (D:6)
  2 orc priests
  2 iguanas (D:5)
  2 mummies (Ossuary)
  2 adders (D:5)
  6 river rats (D:6)
  A shadow imp (D:6)
  4 dart slugs
  22 orcs
  8 endoplasms
  2 giant cockroaches
  4 goblins
  4 hobgoblins
  2 jackals (D:3)
  22 kobolds
  10 quokkas
  6 ball pythons
  6 bats
  11 frilled lizards
  4 hobgoblin zombies (Ossuary)
  16 rats
159 creatures vanquished.

Vanquished Creatures (collateral kills)
  4 mummies (Ossuary)
  A bat (D:2)
  4 kobolds (Sewer)
  A hobgoblin zombie (Ossuary)
10 creatures vanquished.

Vanquished Creatures (others)
  A water moccasin (Ossuary)
  A bullfrog (Ossuary)
  An orc (Ossuary)
  2 quokkas
  A ball python (Sewer)
  A ball python zombie (Sewer)
  A kobold zombie (Sewer)
  A quokka zombie (Sewer)
  14 plants
23 creatures vanquished.

Grand Total: 192 creatures vanquished

Notes
Turn   | Place    | Note
-------+----------+-------------------------------------------
     0 | D:1      | tilp the Mummy Necromancer began the quest for the Orb.
     0 | D:1      | Reached XP level 1. HP: 13/13 MP: 4/4
   457 | D:1      | Found a faded altar of an unknown god.
   759 | D:1      | Reached XP level 2. HP: 16/20 MP: 5/5
   835 | D:1      | Reached skill level 1 in Fighting
  1170 | D:2      | Found Mamnuux's Weapon Shop.
  1212 | D:2      | Found Rahi's Weapon Shop.
  1288 | D:2      | Found Viut's Distillery.
  1588 | D:2      | Found a runed translucent door.
  1589 | D:2      | Noticed Crazy Yiuf
  1614 | D:2      | Gained mutation: You are in touch with the powers of death.
                  | [Mummy growth]
  1614 | D:2      | Reached XP level 3. HP: 26/26 MP: 5/7
  1618 | D:2      | Learned a level 3 spell: Vampiric Draining
  1893 | D:2      | Found Owkag's Assorted Antiques.
  2113 | D:2      | Bought a scroll of identify for 56 gold pieces
  2113 | D:2      | Bought a scroll labelled UHUOFUXIF for 28 gold pieces
  2235 | D:3      | Reached XP level 4. HP: 32/33 MP: 2/8
  2366 | D:3      | Found an opulent altar of Gozag.
  2576 | D:3      | Found a transporter.
  2755 | D:3      | Found a transporter.
  2756 | D:3      | Noticed a gnoll sergeant
  2875 | D:4      | Noticed a necrophage
  3184 | D:4      | Reached skill level 5 in Necromancy
  3438 | D:4      | Killed a necrophage
  3439 | D:4      | Reached skill level 1 in Evocations
  3439 | D:4      | Reached XP level 5. HP: 30/38 MP: 9/9
  3659 | D:4      | Found a staircase to the Ecumenical Temple.
  3716 | Temple   | Entered the Ecumenical Temple
  3717 | Temple   | Upgraded the game from 0.29-a0-887-gcbe080d7e0 to
                  | 0.29-a0-892-g2c4c91d9db
  3818 | Temple   | Became a worshipper of Kikubaaqudgha
  3847 | D:5      | Entered Level 5 of the Dungeon
  4088 | D:5      | Reached skill level 6 in Necromancy
  4088 | D:5      | Reached XP level 6. HP: 35/44 MP: 4/10
  4349 | D:5      | Found an ornate altar of the Wu Jian Council.
  4536 | D:5      | Reached XP level 7. HP: 51/51 MP: 2/12
  4931 | D:5      | Learned a level 4 spell: Animate Dead
  5079 | D:6      | Reached * piety under Kikubaaqudgha
  5079 | D:6      | Received a gift from Kikubaaqudgha
  5093 | D:6      | Learned a level 4 spell: Anguish
  5107 | D:6      | Found a glowing drain.
  5113 | Sewer    | Entered a sewer
  5209 | Sewer    | Reached skill level 7 in Necromancy
  5437 | Sewer    | Reached XP level 8. HP: 46/60 MP: 10/14
  5649 | D:6      | Found a sand-covered staircase.
  5654 | Ossuary  | Entered an ossuary
  5809 | D:6      | Reached skill level 5 in Spellcasting
  5846 | D:6      | Reached skill level 8 in Necromancy
  6242 | D:6      | Reached skill level 1 in Hexes
  6317 | D:6      | Reached ** piety under Kikubaaqudgha
  6356 | D:6      | Killed from afar by a steam dragon

Illustrated notes

Levels and vault maps discovered:
D:1:      matt_arrival_los_fun, layout_basic, shapermc_ecumenical_altar_petra
D:2:      layout_loops_cross, serial_shops, shop, shop,
          nicolae_shop_hallway_plus, shop, minmay_misc_feat_hallway,
          minmay_lizard_king, uniq_crazy_yiuf_cottage
D:3:      layout_rooms, lemuel_crystal_altar, gammafunk_ghost_gnarly_gnolls
D:4:      layout_basic, minmay_temple_entry_crystal_x
D:5:      layout_cave_pools, marbit_many_paths,
          mainiacjoe_overflow_tiny_flanked, st_stairs_3
D:6:      lemuel_ratsnest, layout_rooms, enter_ossuary_5,
          gup_sewer_entry_bubbles
Temple:   kb_temple_of_zot

Skill      XL: |  1  2  3  4  5  6  7  8 |
---------------+-------------------------+-----
Fighting       | 1 2 4 |  4.5
Spellcasting   | 3 4 5 |  5.3
Dodging        | 2 3 |  3.2
Stealth        | 2 |  2.0
Necromancy     | 5 6 7 8 |  8.2
Evocations     | 1 2 3 |  3.2
Hexes          | 1 |  1.5

Action                   |  1- 3 |  4- 6 |  7- 9 || total
-------------------------+-------+-------+-------++-------
Melee: Long sword        |    78 |    58 |       ||   136
       Punch             |     1 |     1 |     7 ||     9
       Dagger            |       |    25 |   246 ||   271
       Whip              |       |       |    60 ||    60
Throw: Stone             |     6 |       |       ||     6
       Dart              |       |     7 |     1 ||     8
 Cast: Necrotise         |    39 |    33 |       ||    72
       Vampiric Draining |       |     7 |    14 ||    21
       Animate Dead      |       |       |     4 ||     4
       Anguish           |       |       |     1 ||     1
Invok: Unearth Wretches  |       |       |     2 ||     2
Evoke: Wand              |       |     1 |     3 ||     4
  Use: Scroll            |     3 |       |     7 ||    10
 Stab: Sleeping          |     4 |     2 |     1 ||     7
       Paralysed         |       |     8 |       ||     8
Armor: Robe              |    32 |    38 |    19 ||    89
       Leather armour    |       |       |    87 ||    87
Dodge: Dodged            |    86 |    86 |   213 ||   385

Table legend: (Time is in decaauts)
 A = Elapsed time spent in this place.
 B = Non-inter-level travel time spent in this place.
 C = Inter-level travel time spent in this place.
 D = Time resting spent in this place.
 E = Time spent auto-exploring this place.
 F = Levels seen in this place.
 G = Mean time per level.
                   A        B        C        D        E       F      G
               +--------+--------+--------+--------+--------+-----+--------+
         Total |   6455 |   6044 |    411 |    323 |   4258 |   9 |  717.2 |
       Dungeon |   5715 |   5321 |    394 |    168 |   3997 |   6 |  952.5 |
        Temple |    108 |     91 |     17 |      0 |     80 |   1 |  108.0 |
         Sewer |    475 |    475 |      0 |    155 |    113 |   1 |  475.0 |
       Ossuary |    155 |    155 |      0 |      0 |     68 |   1 |  155.0 |
               +--------+--------+--------+--------+--------+-----+--------+

Top non-repeatable levels by time:
     D:1: 1138 daAuts
     D:5: 1107 daAuts
     D:2: 1048 daAuts
     D:3: 829 daAuts
     D:6: 817 daAuts
     D:4: 774 daAuts
   Sewer: 475 daAuts
 Ossuary: 155 daAuts
  Temple: 108 daAuts
